 Dungeon Crawl Stone Soup version 0.27.0-1-g7a089689b8 (webtiles) character file.

Game seed: 3539520220360767460

39 mainiacjoe the Caller (level 3, -2/24 HPs)
             Began as a Merfolk Summoner on July 31, 2021.
             Killed by nerve-wracking pain
             ... invoked by Jessica
              (14 damage)
             ... on level 2 of the Dungeon.
             The game lasted 00:06:56 (2984 turns).

mainiacjoe the Caller (Merfolk Summoner)            Turns: 2984, Time: 00:06:56

Health: -2/24      AC:  2    Str:  8    XL:     3   Next: 45%
Magic:  0/6        EV: 12    Int: 15    God:
Gold:   46         SH:  0    Dex: 14    Spells: 0/6 levels left

rFire    . . .     SeeInvis .   b - +0 hunting sling
rCold    . . .     Faith    .   (no shield)
rNeg     . . .     Spirit   .   p - +0 robe
rPois    .         Reflect  .   (no helmet)
rElec    .         Harm     .   (no cloak)
rCorr    .         Rampage  .   (no gloves)
Will     .....                  (no boots)
Stlth    ++........             (no amulet)
HPRegen  0.08/turn              (no ring)
MPRegen  0.10/turn              (no ring)

@: no status effects
A: (nimble swimmer 2), mertail
a: no special abilities


You were on level 2 of the Dungeon.
You visited 1 branch of the dungeon, and saw 3 of its levels.

You collected 46 gold pieces.

Inventory:

Hand Weapons
 a - a +0 flail
 b - a +0 hunting sling (weapon)
 e - a +0 short sword
Missiles
 c - 13 poisoned darts
 i - 38 arrows
 j - 8 boomerangs
 k - 55 sling bullets
 r - 113 stones (quivered ammo)
Armour
 p - a +0 robe (worn)
Scrolls
 g - a scroll of enchant armour {unknown}
 l - a scroll of holy word {unknown}
 n - a scroll of immolation {unknown}
 o - a scroll of noise {unknown}
 q - a scroll of magic mapping {unknown}
Potions
 d - a potion of might
 f - a potion of ambrosia
 h - a potion of haste
 m - a potion of curing {unknown}


   Skills:
 - Level 2.6 Dodging
 + Level 3.1 Stealth
 - Level 2.0 Spellcasting
 * Level 4.8 Summonings


You couldn't memorise any spells.
You knew the following spells:

 Your Spells              Type           Power      Damage    Failure   Level
a - Summon Small Mammal   Summ           64%        N/A       3%          1
b - Call Imp              Summ           16%        N/A       4%          2
c - Call Canine Familiar  Summ           16%        N/A       9%          3

Your spell library contained the following spells:

 Spells                   Type           Power      Damage    Failure   Level
 Summon Guardian Golem    Hex/Summ       8%         N/A       26%         3
 Corpse Rot               Necr/Air       N/A        N/A       32%         2
 Summon Lightning Spire   Summ/Air       8%         N/A       63%         4
 Dispel Undead            Necr           1%         3d6       91%         4
 Iskenderun's Battlesphe  Conj           1%         2d6       99%         5
 Death Channel            Necr           0%         N/A       100%        6
 Iron Shot                Conj/Erth      0%         9d1       100%        6
 Spellforged Servitor     Conj/Summ      4%         N/A       100%        7


Dungeon Overview and Level Annotations

Branches:
Dungeon (3/15)

Altars:

Shops:
D:2 [

Annotations:
D:2 Jessica


Innate Abilities, Weirdness & Mutations

((You are quick and stealthy near water. (Stealth+, EV+, Speed+++)))
Your lower body shifts to a powerful aquatic tail in water.


Message History

a +0 club; a goblin skeleton Adjust (i)tems, (s)pells, or (a)bilities?
r - a +0 hunting sling (weapon)
Adjust to which letter? (? for menu, Esc to quit)
b - a +0 hunting sling (weapon);
r - 114 stones (quivered ammo) Adjust (i)tems, (s)pells, or (a)bilities?
p - a +0 flail Adjust to which letter? (? for menu, Esc to quit)
a - a +0 flail;
p - a +0 robe (worn)
Unknown command.
c - 13 poisoned darts (gained 3)
Found a stone staircase leading up.
Jessica the Apprentice Sorceress comes into view.
She is wielding a +0 club.
You shoot a stone.
The stone hits Jessica but does no damage.
Jessica shouts!
Casting: Call Imp (safe; 4% risk of failure)
Confirm with . or Enter, or press ? or * to list all spells.
A metallic apparition takes form in the air.
Casting: Call Imp (safe; 4% risk of failure)
Confirm with . or Enter, or press ? or * to list all spells.
A beastly little devil appears in a puff of frigid air.
Casting: Call Imp (safe; 4% risk of failure)
Confirm with . or Enter, or press ? or * to list all spells.
A beastly little devil appears in a puff of flame.
Jessica hits your iron imp but does no damage.
Jessica closely misses your iron imp.
Your iron imp hits Jessica but does no damage.
Jessica gestures wildly while chanting.
Jessica blinks!
Your crimson imp blinks!
Jessica hits you with a +0 club.
Your crimson imp hits Jessica but does no damage.
Jessica hits you with a +0 club.
Your crimson imp hits Jessica but does no damage.
Jessica says, "I'm really upset."
Jessica points at you and mumbles some strange words.
Pain shoots through your body!
Ouch! That really hurt!
You die...

( .## .@# #.#
#.# #######
#.# #
#.....###.#.#
#.#....5....#
#.#.#.5@..###
#.....@####
#...##5.....
#...########
#........#
#..#####.#
#..#####.#
#....^<..#
#.########


You could see Jessica (ally target), a friendly iron imp (summoned), a friendly
crimson imp (summoned) and a friendly white imp (summoned).

Vanquished Creatures
  2 orcs (D:3)
  A goblin (D:2)
  A jackal (D:1)
  A ball python (D:2)
  2 frilled lizards (D:1)
  A kobold (D:2)
  3 rats
11 creatures vanquished.

Vanquished Creatures (collateral kills)
  An adder (D:2)
  A dart slug (D:1)
  2 ball pythons (D:1)
  7 endoplasms
  3 giant cockroaches
  2 hobgoblins
  6 jackals (D:1)
  A frilled lizard (D:1)
  4 goblins
  2 kobolds (D:1)
  A rat (D:1)
30 creatures vanquished.

Vanquished Creatures (others)
  A fungus (D:3)
1 creature vanquished.

Grand Total: 42 creatures vanquished

Notes
Turn   | Place    | Note
-------+----------+-------------------------------------------
     0 | D:1      | mainiacjoe the Merfolk Summoner began the quest for the
                  | Orb.
     0 | D:1      | Reached XP level 1. HP: 13/13 MP: 3/3
   682 | D:1      | Reached XP level 2. HP: 19/19 MP: 1/5
   685 | D:1      | Learned a level 2 spell: Call Imp
  2029 | D:2      | Found Xehaliud's Armour Shoppe.
  2144 | D:2      | Reached XP level 3. HP: 24/24 MP: 6/6
  2148 | D:2      | Learned a level 3 spell: Call Canine Familiar
  2973 | D:2      | Noticed Jessica
  2984 | D:2      | Killed from afar by Jessica

Illustrated notes

Levels and vault maps discovered:
D:1:      dpeg_arrival_arbitrary_a, layout_loops_ring
D:2:      layout_basic, serial_shops, shop, minmay_misc_feat_columns,
          grunt_ministairs_15, uniq_jessica
D:3:      layout_basic, dreamdust_ecumenical_altar_grove,
          minmay_strange_pillars, goddamned_bats

Skill      XL: |  1  2  3 |
---------------+----------+-----
Stealth        | 3 |  3.1
Dodging        | |  2.6
Spellcasting   | |  2.0
Summonings     | |  4.8

Action                   || total
-------------------------++-------
Melee: Unarmed           ||    20
       Short sword       ||    10
       Flail             ||     1
 Fire: Hunting sling     ||     1
Throw: Dart              ||    27
 Cast: Summon Small Mamm ||    22
       Call Imp          ||    36
  Use: Scroll            ||     3
 Stab: Sleeping          ||     3
Armor: Robe              ||    15
Dodge: Dodged            ||    41
